 Dungeon Crawl Stone Soup version 0.30.0-5-g1a98f26d00 (webtiles) character file.

Game seed: 11370884284421204059

55241 workbot the Executioner (level 14, -21/133 HPs)
             Began as a Minotaur Berserker on May 8, 2023.
             Was a High Priest of Trog.
             Demolished by a sun demon (25 damage)
             ... summoned by an orc high priest
             ... on level 2 of the Orcish Mines.
             The game lasted 01:00:32 (18936 turns).

workbot the Executioner (Minotaur Berserker)       Turns: 18936, Time: 01:00:33

Health: -21/133    AC: 24    Str: 36    XL:     14   Next: 37%
Magic:  0/13       EV:  8    Int:  5    God:    Trog [*****.]
Gold:   626        SH: 16    Dex: 11    Spells: 13/13 levels left

rFire   x . .        O - +12 demon blade of Tumult {flame, +Blink rF- rN++ Int-2}
rCold   + . .        M - +0 kite shield
rNeg    + + .        w - +1 plate armour
rPois   .            L - +2 hat
rElec   .            g - +1 cloak
rCorr   +            t - +1 pair of gloves
SInv    .            y - +0 pair of boots
Will    +....        G - brooch of Shielding {Spirit SH+8} Stlth
                     p - ring of Zostruwuf {rCorr Str+4 Int+3 Slay+4}
HPRegen 0.42/turn    N - +6 ring of strength
MPRegen 0.13/turn

%: guardian spirit
@: spiked, unable to read
A: horns 2, retaliatory headbutt, cold resistance 1, inability to read after
injury 1
a: Renounce Religion, Evoke Blink, Berserk, Trog's Hand, Brothers in Arms


You were on level 2 of the Orcish Mines.
You worshipped Trog.
Trog was extremely pleased with you.
You visited 4 branches of the dungeon, and saw 18 of its levels.
You also visited: Sewer.

You collected 1747 gold pieces.
You spent 1121 gold pieces at shops.

Inventory:

Hand Weapons
 l - a +7 battleaxe of electrocution
 I - a +0 antimagic morningstar
 O - the +12 demon blade of Tumult (weapon) {flame, +Blink rF- rN++ Int-2}
   (Trog gifted it to you on level 4 of the Lair of Beasts)

   Int:       It affects your intelligence (-2).
   rF:        It makes you vulnerable to fire.
   rN:        It greatly protects you from negative energy.
   +Blink:    It lets you blink.
Missiles
 j - 60 poisoned darts (quivered)
Armour
 g - a +1 cloak (worn)
 t - a +1 pair of gloves (worn)
 w - a +1 plate armour (worn)
 y - a +0 pair of boots (worn)
 L - a +2 hat (worn)
 M - a +0 kite shield (worn)
Jewellery
 d - a ring of fire
 e - a ring of flight
 p - the ring of Zostruwuf (left hand) {rCorr Str+4 Int+3 Slay+4}
   (You bought it in a shop on level 1 of the Dungeon)

   [ring of slaying]

   Str:       It affects your strength (+4).
   Int:       It affects your intelligence (+3).
   Slay:      It affects your accuracy & damage with ranged weapons and melee
   (+4).
   rCorr:     It protects you from acid and corrosion.
 G - the brooch of Shielding (around neck) {Spirit SH+8}
   (You found it on level 2 of the Lair of Beasts)

   [amulet of guardian spirit]

   It causes incoming damage to be divided between your reserves of health and
   magic.
   SH:        It affects your SH (+8).
 N - a +6 ring of strength (right hand)
Wands
 a - a wand of digging (5)
 i - a wand of roots (7)
 v - a wand of flame (22)
 z - a wand of charming (9)
 F - a wand of mindburst (9)
 H - a wand of acid (9)
Scrolls
 c - 5 scrolls of identify
 k - 2 scrolls of teleportation
 n - 3 scrolls of blinking
 o - 3 scrolls of fog
 C - a scroll of magic mapping
 J - a scroll of silence
Potions
 b - 3 potions of flight
 f - 2 potions of curing
 h - 2 potions of invisibility
 m - a potion of haste
 r - a potion of ambrosia
 s - 4 potions of attraction
 u - a potion of cancellation
 x - 2 potions of lignification
 A - 4 potions of berserk rage
 E - a potion of might
 K - a potion of heal wounds
Miscellaneous
 B - a tin of tremorstones (2/2)


   Skills:
 + Level 14.4 Fighting
 * Level 9.6 Long Blades
 - Level 22.0 Axes
 + Level 11.4 Armour
 - Level 2.1 Dodging
 + Level 3.4 Shields


You had 13 spell levels left.
You didn't know any spells.
Your spell library contained the following spells:

 Spells                   Type           Power      Damage    Failure   Level
 Animate Dead             Necr           0%         N/A       100%        4
 Fireball                 Conj/Fire      0%         3d3       100%        5
 Iskenderun's Battlesphe  Conj           0%         2d6       100%        5
 Conjure Ball Lightning   Conj/Air       0%         3x3d6     100%        6
 Orb of Destruction       Conj           0%         9d5       100%        7


Dungeon Overview and Level Annotations

Branches:
Dungeon (10/15)            Temple (1/1) D:4            Lair (5/5) D:9
 Shoals (0/4) Lair:3       Spider (0/4) Lair:2        Slime (0/5) Lair:5
    Orc (2/2) D:9             Elf (0/3) Orc:2         Sewer (visited)

Altars:
Cheibriados
Dithmenos
Fedhas
Gozag
Hepliaklqana
Makhleb
Nemelex Xobeh
Qazlal
Sif Muna
Trog
Vehumet
Zin
The Shining One
Jiyva

Shops:
D:1 =[=!(   D:6 :   D:8 (*   D:9 *   Orc:2 =(


Innate Abilities, Weirdness & Mutations

You have a pair of horns on your head.
You reflexively headbutt those who attack you in melee.
Your flesh is cold resistant. (rC+)
You occasionally lose the ability to read scrolls when taking damage.


Message History

You feel threatened and lose the ability to read scrolls!
You feel much better. You block the orc high priest's attack.
You block the stone giant's attack.
You slash the stone giant! You burn the stone giant.
You headbutt the stone giant, but do no damage.
The stone giant is almost dead.
You hit the stone giant. You burn the stone giant.
You headbutt the stone giant, but do no damage.
The stone giant is almost dead.
You block the orc high priest's attack. The stone giant completely misses you.
You hit the stone giant. You burn the stone giant.
You kill the stone giant!
Trog accepts your kill.
The orc high priest prays to Beogh.
The sun demon hits you.
You are engulfed in flames!!
The fire burns you terribly!
You slash the orc high priest! You burn the orc high priest.
The orc high priest is moderately wounded.
The orc high priest hits you with a +2 hand axe of pain.
You block the sun demon's attack.
You closely miss the orc high priest.
Your headbutt misses the orc high priest.
The orc high priest is moderately wounded.
The red devil hits you from afar with a +0 trident!
* * * LOW HITPOINT WARNING * * *
Barbed spikes become lodged in your body.
The sun demon hits you but does no damage.
You block the orc high priest's attack.
You slash the orc high priest! You burn the orc high priest.
The orc high priest is severely wounded.
The hellwing hits you but does no damage.
The hellwing hits you.
* * * LOW HITPOINT WARNING * * *
The red devil hits you from afar with a +0 trident!
* * * LOW HITPOINT WARNING * * *
Barbed spikes become lodged in your body.
The sun demon hits you!
* * * LOW HITPOINT WARNING * * *
You are engulfed in flames!!
The fire burns you terribly!
You die...

##.....#..... ...
##....#.....#. ####
##'###.....#.#...#.
#∩..##...##.....##.#.#∩8
..........#....##.....∩.
........##...#........
..4...##...#........
#o43###.))##..#.... #@#
#.....##.#..∩. #.#
#.....#....#∩.
###'###.....#..#.##.
#.....##....#.#...#.
#...).###......#..##
#..#.÷####.........#
.....#)))#.#..#.......
#.....#...'......##....
##.###########.....#...


You could see an orc high priest, a sun demon (summoned), a hellwing (summoned)
and a red devil (summoned).

Vanquished Creatures
  Gastronok (Lair:1)
  A stone giant (Orc:2)
  Erica (D:8)
  3 hydras (Lair:5)
  A centaur warrior (D:8)
  A boulder beetle (Lair:2)
  3 two-headed ogres
  The ghost of Inkenn the Blocker, a journeyman GrBe of Trog (D:10)
  An orc high priest (Orc:2)
  Urug (Lair:2)
  Nergalle (Lair:3)
  A fire crab (Lair:5)
  A pharaoh ant (Lair:2)
  A lindwurm (Lair:2)
  5 orc knights (Orc:2)
  3 orc sorcerers (Orc:2)
  4 spectral centaurs (D:10)
  3 cyclopes
  6 elephants
  Joseph (D:9)
  7 black mambas
  2 molten gargoyles (Lair:5)
  4 rime drakes
  14 cane toads
  19 komodo dragons
  6 trolls
  A polar bear (Lair:5)
  2 tarantellas (Lair:2)
  2 spectral meliai (D:10)
  7 saltlings (Orc:2)
  Prince Ribbit (D:9)
  13 dream sheep
  10 blink frogs
  2 vampires
  2 wraiths
  8 yaks
  A shadow (D:10)
  A ynoxinul (D:8)
  2 wyverns
  8 basilisks
  Grum (D:8)
  A redback (Lair:2)
  4 steam dragons
  A warg (D:9)
  17 water moccasins
  4 hell hounds (Lair:5)
  A black bear (D:6)
  2 sky beasts (D:8)
  12 orc warriors
  3 ogres
  36 wolves
  6 centaurs
  A phantom (D:5)
  5 kobold brigands
  9 bullfrogs
  A gnoll sergeant (D:7)
  3 scorpions
  3 wights (D:6)
  4 killer bees (D:9)
  An electric eel (Lair:1)
  5 howler monkeys
  3 lava snakes (Lair:5)
  12 orc priests
  7 hounds (D:5)
  Crazy Yiuf (D:7)
  2 jellies
  Jessica (D:2)
  2 sleepcaps
  13 orc wizards
  An iguana (D:7)
  3 gnolls
  15 adders
  2 river rats (Sewer)
  A shadow imp (D:7)
  2 white imps
  2 adder zombies (D:2)
  A worm (D:2)
  A dart slug (D:1)
  59 orcs
  7 bats
  4 endoplasms
  6 giant cockroaches
  6 goblins
  8 hobgoblins
  8 jackals
  25 kobolds
  3 quokkas
  10 ball pythons
  2 ball python skeletons (D:2)
  11 frilled lizards
  A giant cockroach zombie (D:2)
  4 rats
495 creatures vanquished.

Vanquished Creatures (collateral kills)
  A fire dragon (Lair:5)
1 creature vanquished.

Grand Total: 496 creatures vanquished

Notes
Turn   | Place    | Note
-------+----------+-------------------------------------------
     0 | D:1      | workbot the Minotaur Berserker began the quest for the Orb.
     0 | D:1      | Reached XP level 1. HP: 19/19 MP: 0/0
    91 | D:1      | Reached skill level 4 in Axes
   181 | D:1      | Reached XP level 2. HP: 26/26 MP: 1/1
   211 | D:1      | Found a faded altar of an unknown god.
   318 | D:1      | Found Juam's Antique Armour Shop.
   329 | D:1      | Found Maywefeo's Jewellery Shoppe.
   492 | D:1      | Reached ** piety under Trog
   552 | D:1      | Found Umaecvif's Distillery.
   582 | D:1      | Reached skill level 5 in Axes
   665 | D:1      | Found Eqaph's Weapon Shop.
   739 | D:1      | Reached XP level 3. HP: 31/31 MP: 2/2
   828 | D:1      | Found Konoulul's Jewellery Boutique.
  1080 | D:2      | Reached skill level 6 in Axes
  1080 | D:2      | Reached XP level 4. HP: 39/39 MP: 3/3
  1307 | D:2      | Noticed Jessica
  1315 | D:2      | Killed Jessica
  1847 | D:3      | Reached XP level 5. HP: 45/45 MP: 4/4
  1862 | D:3      | Noticed an ogre
  1871 | D:3      | Killed an ogre
  1872 | D:3      | Reached skill level 7 in Axes
  2309 | D:4      | Reached skill level 8 in Axes
  2309 | D:4      | Reached XP level 6. HP: 44/51 MP: 5/5
  2602 | D:4      | Found a staircase to the Ecumenical Temple.
  2662 | D:4      | Reached *** piety under Trog
  2848 | Temple   | Entered the Ecumenical Temple
  2877 | D:5      | Entered Level 5 of the Dungeon
  2887 | D:5      | Reached skill level 9 in Axes
  2972 | D:5      | Found a glowing drain.
  2989 | Sewer    | Entered a sewer
  3200 | Sewer    | Reached XP level 7. HP: 54/57 MP: 6/6
  3408 | Sewer    | Reached skill level 10 in Axes
  3577 | D:5      | Found a radiant altar of Vehumet.
  3597 | D:5      | Reached skill level 11 in Axes
  3606 | D:5      | Reached **** piety under Trog
  3842 | D:5      | Reached XP level 8. HP: 39/64 MP: 7/7
  4010 | D:5      | Found a snail-covered altar of Cheibriados.
  4047 | D:5      | Reached skill level 12 in Axes
  4326 | D:1      | Bought a +0 battleaxe for 84 gold pieces
  4630 | D:6      | Found Zytt's Book Shop.
  4869 | D:6      | Reached skill level 13 in Axes
  5028 | D:6      | Noticed a cyclops
  5042 | D:6      | Killed a cyclops
  5043 | D:6      | Reached skill level 14 in Axes
  5043 | D:6      | Reached XP level 9. HP: 30/70 MP: 8/8
  5306 | D:6      | Identified the +0 ring mail "Jear" {Contam rF+ Dex+4}
  5569 | D:6      | Found a stormy altar of Qazlal.
  5572 | D:6      | Found a shadowy altar of Dithmenos.
  5971 | D:7      | Reached skill level 15 in Axes
  6136 | D:7      | Reached skill level 16 in Axes
  6583 | D:7      | Found a runed translucent door.
  6584 | D:7      | Noticed Crazy Yiuf
  6592 | D:7      | Killed Crazy Yiuf
  6798 | D:8      | Found Jontet's Antique Weapon Shop.
  6837 | D:8      | Found a sparkling altar of Nemelex Xobeh.
  6859 | D:8      | Reached skill level 17 in Axes
  6859 | D:8      | Reached XP level 10. HP: 77/77 MP: 9/9
  6892 | D:8      | Noticed Grum
  6899 | D:8      | Killed Grum
  7094 | D:8      | Noticed a cyclops
  7223 | D:8      | Killed a cyclops
  7305 | D:8      | Noticed a centaur warrior
  7325 | D:8      | Killed a centaur warrior
  7326 | D:8      | Reached skill level 18 in Axes
  7473 | D:8      | Found a bloodstained altar of Trog.
  7503 | D:8      | Found a shimmering blue altar of Sif Muna.
  7509 | D:8      | Got Sif Muna's Incunabulum of the Damned
  7591 | D:8      | Noticed Erica
  7596 | D:8      | Killed Erica
  7597 | D:8      | Reached skill level 19 in Axes
  7759 | D:8      | Found a burning altar of Makhleb.
  7856 | D:8      | Found Zin's Purification Station.
  7863 | D:8      | Found a glowing silver altar of Zin.
  7969 | D:9      | Found a hazy altar of Hepliaklqana.
  7998 | D:9      | Found a staircase to the Orcish Mines.
  8021 | D:9      | Noticed Joseph
  8038 | D:9      | Killed Joseph
  8119 | D:9      | Found a staircase to the Lair.
  8286 | D:9      | Reached XP level 11. HP: 59/82 MP: 10/10
  8305 | D:9      | Noticed Prince Ribbit
  8313 | D:9      | Killed Prince Ribbit
  8314 | D:9      | Reached skill level 20 in Axes
  8757 | D:9      | Found Qietso's Serpentskin Sales.
  9129 | D:9      | Reached ***** piety under Trog
  9399 | D:10     | Entered Level 10 of the Dungeon
  9440 | D:10     | Identified the +6 long sword "Hiumis" {heavy, rElec rN+++
                  | Will- MP-9}
  9469 | D:10     | Gained mutation: You are agile. (Dex +4, Str/Int -1)
                  | [potion of mutation]
  9469 | D:10     | Gained mutation: Your magical capacity is low. (-10% MP)
                  | [potion of mutation]
  9469 | D:10     | Gained mutation: You are strong-willed. (Will+) [potion of
                  | mutation]
  9522 | D:10     | Found a glowing golden altar of the Shining One.
  9683 | D:10     | Found a runed translucent gate.
  9684 | D:10     | Found a runed translucent gate.
  9686 | D:10     | Found a runed translucent gate.
  9687 | D:10     | Noticed Inkenn's ghost (journeyman GrBe)
  9738 | D:10     | Killed Inkenn's ghost
  9739 | D:10     | Reached skill level 21 in Axes
 10035 | D:10     | Noticed a two-headed ogre
 10041 | D:10     | Killed a two-headed ogre
 10447 | Lair:1   | Entered Level 1 of the Lair of Beasts
 10676 | Lair:1   | Reached skill level 22 in Axes
 10866 | Lair:2   | Reached skill level 5 in Fighting
 10892 | Lair:2   | Reached XP level 12. HP: 33/94 MP: 9/9
 11295 | Lair:1   | Noticed Gastronok
 11306 | Lair:1   | Killed Gastronok
 11307 | Lair:1   | Reached skill level 5 in Armour
 11585 | Lair:1   | Lost mutation: You are agile. (Dex +4, Str/Int -1) [potion
                  | of mutation]
 11585 | Lair:1   | Lost mutation: Your magical capacity is low. (-10% MP)
                  | [potion of mutation]
 11585 | Lair:1   | Lost mutation: You are strong-willed. (Will+) [potion of
                  | mutation]
 11585 | Lair:1   | Gained mutation: You are frail. (-10% HP) [potion of
                  | mutation]
 11585 | Lair:1   | Gained mutation: You have a pair of large horns on your
                  | head. [potion of mutation]
 11590 | Lair:1   | Lost mutation: You are frail. (-10% HP) [potion of
                  | mutation]
 11590 | Lair:1   | Lost mutation: You have a pair of large horns on your head.
                  | [potion of mutation]
 11590 | Lair:1   | Gained mutation: You occasionally lose the ability to read
                  | scrolls when taking damage. [potion of mutation]
 11590 | Lair:1   | Gained mutation: Your flesh is cold resistant. (rC+)
                  | [potion of mutation]
 11688 | Lair:2   | Found a hole to the Spider Nest.
 11695 | Lair:2   | Noticed Urug
 11730 | Lair:2   | HP: 1/104 [Urug/+2 heavy double sword (32)]
 11735 | Lair:2   | Killed Urug
 12309 | Lair:2   | Found the brooch of Shielding {Spirit SH+8}
 12313 | Lair:2   | Noticed a boulder beetle
 12314 | Lair:2   | Reached skill level 10 in Fighting
 12325 | Lair:2   | Killed a boulder beetle
 13118 | Lair:3   | Found a staircase to the Shoals.
 13124 | Lair:3   | Reached XP level 13. HP: 117/117 MP: 12/12
 13417 | Lair:3   | Noticed Nergalle
 13428 | Lair:3   | Killed Nergalle
 13886 | Lair:4   | Identified the +12 demon blade of Tumult {flame, +Blink rF-
                  | rN++ Int-2} (Trog gifted it to you on level 4 of the Lair
                  | of Beasts)
 13886 | Lair:4   | Received a gift from Trog
 13984 | Lair:4   | Reached skill level 1 in Long Blades
 14698 | Lair:5   | Entered Level 5 of the Lair of Beasts
 15110 | Lair:5   | Found a viscous altar of Jiyva.
 15110 | Lair:5   | Found a staircase to the Slime Pits.
 15144 | Lair:5   | Reached skill level 5 in Long Blades
 15148 | Lair:5   | Reached skill level 10 in Armour
 16088 | Lair:5   | Found a large runed translucent door.
 16092 | Lair:5   | Found a large runed translucent door.
 16130 | Lair:5   | Noticed a fire dragon
 16480 | Lair:5   | Identified the +1 ring mail of Too Many Cooks {Int+3 Dex+2}
 16757 | Lair:5   | Killed a fire dragon
 16758 | Lair:5   | Reached XP level 14. HP: 132/132 MP: 8/13
 17193 | D:1      | Bought the ring of Zostruwuf {rCorr Str+4 Int+3 Slay+4} for
                  | 1037 gold pieces
 17401 | Orc:1    | Entered Level 1 of the Orcish Mines
 17481 | Orc:2    | Entered Level 2 of the Orcish Mines
 17481 | Orc:2    | Found a staircase to the Elven Halls.
 17769 | Orc:2    | Found Zistow's Antique Weapon Shop.
 17822 | Orc:2    | Reached skill level 1 in Shields
 18682 | Orc:2    | Paralysed by an orc sorcerer for 3 turns
 18916 | Orc:2    | Noticed a stone giant
 18920 | Orc:2    | Paralysed by an orc sorcerer for 4 turns
 18926 | Orc:2    | Found Woug Jui's Jewellery Shoppe.
 18933 | Orc:2    | Killed a stone giant
 18936 | Orc:2    | HP: 4/133 [sun demon[an orc high priest] (14)]
 18936 | Orc:2    | Demolished by a sun demon

Illustrated notes

Levels and vault maps discovered:
D:1:      lightli_iron_boxes, layout_loops_corners, serial_shops,
          nicolae_shop_tiny_waterfront, shop, nicolae_shop_tiny_glass,
          nicolae_shop_tiny_real_fake_doors, nicolae_shop_real_fake_doors,
          nicolae_ecumenical_snake_handling
D:2:      layout_rooms, serial_undead, serial_undead_f, serial_undead_f,
          serial_undead_b, serial_undead_a, kennysheep_jessica_study
D:3:      layout_basic
D:4:      layout_rooms, minmay_temple_entry_stoned_glass
D:5:      layout_basic, vehumet_altar_wand_db, mainiacjoe_overflow_24_doors,
          gup_sewer_entry_glass
D:6:      layout_basic, gammafunk_temple_overflow_pools, serial_shops,
          nicolae_square_shop
D:7:      layout_cave_pools, uniq_crazy_yiuf_cottage
D:8:      layout_loops_ring, nzn_overflow_gifts_of_might_and_magic,
          nemelex_spade_bored_becter, lightli_temple_of_fire, zin_purify,
          serial_shops, shop, amcnicky_mini_pool_small, kb_rosetta, uniq_erica,
          uniq_grum
D:9:      layout_loops_cross, nicolae_hepliaklqana_hazy_memory,
          dpeg_oklobed_lair, david_orc_3, guppyfry_shop_venom, uniq_joseph,
          uniq_prince_ribbit1
D:10:     layout_irregular_city, mainiacjoe_overflow_boulevard,
          gammafunk_ghost_necromancy
Temple:   chequers_temple_sunken
Lair:1:   layout_regular_city, minivault_11, serial_bayou_lagoon_a,
          grunt_forest_large_clearings, uniq_gastronok
Lair:2:   nzn_winding_woodlands_small [nzn_winding_woodlands_5x15_sawtooth,
          nzn_winding_woodlands_center_pierced_h,
          nzn_winding_woodlands_5x15_longhouse], layout_concentric_octagons,
          nicolae_spider_entry_lesser_pyramids, grunt_megastairs_5, uniq_urug
Lair:3:   layout_chaotic_city, elwin_shoals_entry_rocks, uniq_nergalle
Lair:4:   layout_gridlike
Lair:5:   cheibrodos_lair_end_hotspot, layout_regular_city, slime_entry_1,
          chequers_serial_rivers_small_a
Orc:1:    layout_caves, mines2_david
Orc:2:    hellmonk_orc_salted, layout_caves, serial_shops,
          nicolae_shop_tiny_real_fake_doors, basic_altar,
          nicolae_orc_flooded_monolith

Skill      XL: |  1  2  3  4  5  6  7  8  9 10 11 12 13 14 |
---------------+-------------------------------------------+-----
Axes           | 4 5 6 8 9 11 14 17 19 22 | 22.0
Fighting       | 5 11 14 | 14.4
Armour         | 3 8 10 11 | 11.4
Long Blades    | 8 9 |  9.6
Shields        | 3 |  3.4
Dodging        | |  2.1

Action                     |  1- 3 |  4- 6 |  7- 9 | 10-12 | 13-15 || total
---------------------------+-------+-------+-------+-------+-------++-------
  Melee: Hand axe          |    68 |   130 |    79 |       |       ||   277
         Headbutt          |    12 |    15 |    30 |    59 |    89 ||   205
         Punch             |       |     1 |     1 |       |       ||     2
         Battleaxe         |       |       |   115 |   368 |    44 ||   527
         Demon blade       |       |       |       |       |   323 ||   323
         Morningstar       |       |       |       |       |    26 ||    26
  Throw: Dart              |     1 |     2 |     5 |     7 |       ||    15
 Invoke: Berserk           |     1 |     4 |     6 |     7 |     9 ||    27
         Trog's Hand       |       |       |     1 |     4 |     1 ||     6
         Brothers in Arms  |       |       |       |       |     1 ||     1
  Evoke: Wand              |       |       |       |     4 |       ||     4
         Tin of tremorston |       |       |       |     2 |       ||     2
    Use: Scroll            |       |    10 |     2 |    19 |     7 ||    38
         Potion            |       |       |     2 |    14 |     6 ||    22
 Armour: Animal skin       |     8 |       |       |       |       ||     8
         Ring mail         |    12 |    50 |    15 |       |       ||    77
         Plate armour      |       |       |   100 |   224 |   181 ||   505
  Dodge: Dodged            |    40 |    64 |    71 |   125 |   110 ||   410
  Block: Kite shield       |       |       |       |       |   288 ||   288
         Other             |       |       |       |       |    10 ||    10
